 Dungeon Crawl Stone Soup version 0.31.0-1-g2c135a0 (webtiles) character file.

Game seed: 829887661253861522

1309 Mayo the Grappler (level 8, -3/64 (74) HPs)
             Began as a Troll Berserker on Feb 10, 2024.
             Was a Priest of Trog.
             Slain by a wight
             ... wielding a +0 long sword
              (12 damage)
             ... on level 6 of the Dungeon.
             The game lasted 00:11:23 (3029 turns).

Mayo the Grappler (Troll Berserker)                 Turns: 3029, Time: 00:11:24

HP:   -3/64 (74)    AC:  1    Str: 28    XL:     8   Next: 32%
MP:   7/7           EV: 10    Int:  3    God:    Trog [***...]
Gold: 273           SH:  0    Dex:  9    Spells: 7/7 levels left

rFire   . .          .
                       - Unarmed
rCold   . . .        (no shield)
rNeg    . . .        h - +1 robe
rPois   .            (helmet restricted)
rElec   .            (no cloak)
rCorr   .            (gloves unavailable)
SInv    .            (boots unavailable)
Will    .....        b - amulet of regeneration
Stlth   +            (no ring)
HPRegen 1.90/turn    (no ring)
MPRegen 0.10/turn

%: no passive effects
@: corroded, heavily drained
A: large, unfitting armour, claws 3, regeneration 1, shaggy fur 1, tough skin 1
a: Renounce Religion, Berserk, Trog's Hand


You were on level 6 of the Dungeon.
You worshipped Trog.
Trog was most pleased with you.
You visited 1 branch of the dungeon, and saw 6 of its levels.

You collected 287 gold pieces.
You spent 14 gold pieces at shops.

Inventory:

Armour
 a - a +0 animal skin
 h - a +1 robe (worn)
Jewellery
 b - an amulet of regeneration (around neck)
 j - the amulet of Raepreic {Spirit Int+3}
   (You found it on level 3 of the Dungeon)

   [amulet of guardian spirit]

   Spirit:    It causes incoming damage to be divided between your reserves of
   health and magic.
   Int+3:     It affects your intelligence (+3).
Scrolls
 c - a scroll of enchant weapon
 g - 3 scrolls of teleportation
 i - 2 scrolls of fear
 l - a scroll of identify {unknown}
Potions
 d - 3 potions of lignification {unknown}
 e - 2 potions of curing {unknown}
 f - a potion of heal wounds {unknown}
 k - a potion of enlightenment {unknown}
 m - a potion of berserk rage {unknown}


   Skills:
 - Level 2.4 Fighting
 - Level 2.4 Dodging
 + Level 10.6 Unarmed Combat


You had 7 spell levels left.
You didn't know any spells.
Your spell library contained the following spells:

 Spells                   Type           Power      Damage    Failure   Level
 Shock                    Conj/Air       0%         1d3       52%         1
 Swiftness                Air            0%         N/A       88%         3
 Airstrike                Air            0%         2d(0-16)  99%         4


Dungeon Overview and Level Annotations

Branches:
Dungeon (6/15)
 Temple: D:4-7

Altars:
Trog
Zin

Shops:
D:1 [!


Innate Abilities, Weirdness & Mutations

You are too large for most types of armour.
You have claws for hands.
Your natural rate of healing is unusually fast.
You are covered in fur. (AC +1)
You have tough skin. (AC +1)


Message History

You feel drained.
The wight hits you from afar with a +3 halberd!
You feel drained.
Found 5 gold pieces.
The wight closely misses you.
The orc priest looks braver for a moment. 2 iguanas come into view.
Found a short sword.
The iguana hisses angrily.
The wight attacks as it pursues you!
The wight hits you with a +0 long sword!
* * * LOW HITPOINT WARNING * * *
You feel drained.
* * * LOW HITPOINT WARNING * * *
The iguana moves out of view.
You see here 5 gold pieces.
The iguana hisses angrily.
The orc priest calls down the wrath of Beogh upon you.
Beogh smites you!
* * * LOW HITPOINT WARNING * * *
The wight barely misses you. The wight closely misses you.
A jelly comes into view.
The jelly quivers.
The wight attacks as it pursues you! The wight misses you.
Found a shimmering hand axe.
The orc priest invokes the aid of Beogh against you.
Beogh smites you! The jelly attacks as it pursues you!
The jelly barely misses you. The wight attacks as it pursues you!
The wight barely misses you. The jelly hits you but does no damage.
The jelly attacks as it pursues you! The jelly hits you. The acid corrodes you!
You are splashed with acid!
* * * LOW HITPOINT WARNING * * *
The wight attacks as it pursues you!
The wight hits you with a +0 long sword!
* * * LOW HITPOINT WARNING * * *
The wight attacks as it pursues you!
The wight hits you with a +0 long sword!
You die...

. #.......#...#........
..##.....z......#......
................##....#
.#.#.......l<.z.......##
####........o.........#
#........z..........
###........o.Jl.......
#............z........
##............@...##.
.....#................#
.............#......##.#
.............#.#....#
...#...........#....#
...#...[......##....#
....?......####.## ....
..


You could see 2 iguanas, a jelly, 4 wights, an orc priest and an orc.

Vanquished Creatures
  Grinder (D:3)
  Sigmund (D:3)
  2 sky beasts
  2 black bears (D:4)
  4 scorpions
  A howler monkey (D:5)
  Crazy Yiuf (D:3)
  3 orc priests
  2 iguanas (D:4)
  An orc wizard (D:5)
  3 adders
  2 ufetubi (D:5)
  9 orcs
  5 ball pythons
  A bat (D:1)
  8 endoplasms
  A giant cockroach (D:4)
  4 goblins
  8 hobgoblins
  7 jackals
  A quokka (D:1)
  A frilled lizard (D:3)
  6 kobolds
  A rat (D:3)
75 creatures vanquished.

Notes
Turn   | Place    | Note
-------+----------+-------------------------------------------
     0 | D:1      | Mayo the Troll Berserker began the quest for the Orb.
     0 | D:1      | Reached XP level 1. HP: 22/22 MP: 0/0
   223 | D:1      | Found Rurob's Distillery.
   239 | D:1      | Reached XP level 2. HP: 25/29 MP: 1/1
   538 | D:1      | Reached skill level 4 in Unarmed Combat
   563 | D:1      | Found Otomah's Armour Shoppe.
   621 | D:1      | Found Kiemuo's Antique Armour Shop.
   675 | D:1      | Bought a robe for 14 gold pieces
   897 | D:3      | Reached ** piety under Trog
   898 | D:3      | Noticed Sigmund
   901 | D:3      | Noticed a sky beast
   918 | D:3      | Reached XP level 3. HP: 23/36 MP: 2/2
   929 | D:3      | Killed a sky beast
   930 | D:3      | Reached skill level 5 in Unarmed Combat
   930 | D:3      | Reached XP level 4. HP: 32/44 MP: 3/3
   939 | D:3      | Killed Sigmund
   940 | D:3      | Reached skill level 6 in Unarmed Combat
   940 | D:3      | Reached XP level 5. HP: 43/50 MP: 4/4
   940 | D:3      | Reached XP level 6. HP: 51/59 MP: 5/5
  1030 | D:3      | Found a runed translucent door.
  1031 | D:3      | Noticed Crazy Yiuf
  1091 | D:3      | Reached skill level 7 in Unarmed Combat
  1238 | D:3      | Found a glowing silver altar of Zin.
  1245 | D:3      | Identified the amulet of Raepreic {Spirit Int+3}
  1308 | D:3      | Noticed Grinder
  1312 | D:3      | Paralysed by Grinder for 4 turns
  1327 | D:3      | Paralysed by Grinder for 2 turns
  1345 | D:3      | Paralysed by Grinder for 5 turns
  1359 | D:3      | Paralysed by Grinder for 4 turns
  1364 | D:3      | Killed Grinder
  1365 | D:3      | Reached skill level 8 in Unarmed Combat
  1365 | D:3      | Reached XP level 7. HP: 59/66 MP: 6/6
  1610 | D:3      | Killed Crazy Yiuf
  1889 | D:4      | Reached skill level 9 in Unarmed Combat
  1911 | D:4      | Found a bloodstained altar of Trog.
  2483 | D:5      | Entered Level 5 of the Dungeon
  2501 | D:5      | Reached XP level 8. HP: 50/74 MP: 7/7
  2501 | D:5      | Reached *** piety under Trog
  2682 | D:5      | Reached skill level 10 in Unarmed Combat
  3029 | D:6      | Slain by a wight

Illustrated notes

Levels and vault maps discovered:
D:1:      elethiomel_arrival_maze, layout_basic, serial_shops, shop,
          nicolae_shop_real_fake_doors, shop
D:2:      layout_basic
D:3:      layout_rooms, mainiacjoe_overflow_brackets, minmay_misc_feat_room,
          minmay_liquid_box, nicolae_the_louvre, uniq_sigmund,
          uniq_crazy_yiuf_cottage, uniq_grinder
D:4:      layout_loops_corners, trog_ov_bears_minmay, serial_glass,
          glass_columns_a, glass_columns_b
D:5:      layout_cave_pools
D:6:      layout_cave_pools, nicolae_overflow_crystal_walls

Skill      XL: |  1  2  3  4  5  6  7  8 |
---------------+-------------------------+-----
Unarmed Combat | 4 5 6 8 9 10 | 10.6
Fighting       | |  2.4
Dodging        | |  2.4

Action                     |  1- 3 |  4- 6 |  7- 9 || total
---------------------------+-------+-------+-------++-------
  Melee: Unarmed           |    51 |    43 |    68 ||   162
         Punch             |       |     1 |     3 ||     4
    Use: Scroll            |     1 |     2 |     3 ||     6
         Potion            |     1 |       |       ||     1
 Armour: Animal skin       |    17 |       |       ||    17
         Robe              |    20 |    27 |    58 ||   105
  Dodge: Dodged            |    19 |    10 |    45 ||    74
